 Dungeon Crawl Stone Soup version 0.27.1-34-g3ba077fa99 (webtiles) character file.

Game seed: 9913598371995182872

76 shadowrider38 the Shield-Bearer (level 4, -2/41 HPs)
             Began as a Gnoll Fighter on Jan 2, 2022.
             Slain by a hornet zombie (10 damage)
             ... on level 3 of the Dungeon.
             The game lasted 00:02:05 (2034 turns).

shadowrider38 the Shield-Bearer (Gnoll Fighter)     Turns: 2034, Time: 00:02:05

Health: -2/41      AC:  7    Str: 17    XL:     4   Next: 32%
Magic:  5/5        EV:  8    Int:  7    God:
Gold:   84         SH: 10    Dex: 11    Spells: 5/5 levels left

rFire    . . .     SeeInvis .   a - +0 war axe
rCold    . . .     Faith    .   c - +0 kite shield
rNeg     . . .     Spirit   .   b - +0 scale mail
rPois    .         Reflect  .   (no helmet)
rElec    .         Harm     .   (no cloak)
rCorr    .         Rampage  .   (no gloves)
Will     .....                  (no boots)
Stlth    ..........             j - amulet of regeneration
HPRegen  1.13/turn              (no ring)
MPRegen  0.09/turn              (no ring)

@: mighty
A: fangs 1, strong nose, distributed training
a: no special abilities


You were on level 3 of the Dungeon.
You visited 1 branch of the dungeon, and saw 3 of its levels.

You collected 84 gold pieces.

Inventory:

Hand Weapons
 a - a +0 war axe (weapon)
 g - a +0 dagger of venom
Missiles
 h - 56 stones (quivered)
 n - 10 poisoned darts
Armour
 b - a +0 scale mail (worn)
 c - a +0 kite shield (worn)
Jewellery
 j - an amulet of regeneration (around neck)
Wands
 k - a wand of paralysis (3)
 q - a wand of acid (5)
Scrolls
 e - a scroll of immolation {unknown}
 f - 2 scrolls of identify {unknown}
 l - a scroll of enchant weapon {unknown}
Potions
 i - a potion of resistance {unknown}
 m - 2 potions of heal wounds {unknown}
 o - a potion of attraction {unknown}
 p - a potion of degeneration {unknown}


   Skills:
 + Level 6.6 Fighting
 + Level 1.1 Short Blades
 + Level 1.1 Long Blades
 + Level 4.6 Axes
 + Level 1.1 Maces & Flails
 + Level 1.1 Polearms
 + Level 1.1 Staves
 + Level 1.1 Slings
 + Level 1.1 Bows
 + Level 1.1 Crossbows
 + Level 1.1 Throwing
 + Level 6.6 Armour
 + Level 1.1 Dodging
 + Level 1.1 Stealth
 + Level 6.6 Shields
 + Level 1.1 Unarmed Combat
 + Level 1.1 Spellcasting
 + Level 0.8 Conjurations
 + Level 0.8 Hexes
 + Level 0.8 Summonings
 + Level 0.8 Necromancy
 + Level 0.8 Translocations
 + Level 0.8 Transmutations
 + Level 0.8 Fire Magic
 + Level 0.8 Ice Magic
 + Level 0.8 Air Magic
 + Level 0.8 Earth Magic
 + Level 0.8 Poison Magic
 + Level 1.2 Invocations
 + Level 1.1 Evocations


You had 5 spell levels left.
You didn't know any spells.
Your spell library contained the following spells:

 Spells                   Type           Power      Damage    Failure   Level
 Apportation              Tloc           2%         N/A       95%         1
 Summon Small Mammal      Summ           4%         N/A       95%         1
 Call Canine Familiar     Summ           1%         N/A       100%        3
 Summon Guardian Golem    Hex/Summ       1%         N/A       100%        3
 Alistair's Intoxication  Tmut/Pois      0%         N/A       100%        5
 Invisibility             Hex            0%         N/A       100%        6


Dungeon Overview and Level Annotations

Branches:
Dungeon (3/15)

Altars:
Qazlal


Innate Abilities, Weirdness & Mutations

You have very sharp teeth.
Your uncanny sense of smell can sniff out nearby items.
Your experience applies equally to all skills.


Message History

The hornet zombie barely misses you.
You barely miss the hornet zombie. The hornet zombie hits you.
You block the hornet zombie's attack.
You hit the hornet zombie but do no damage.
You block the hornet zombie's attack.
The hornet zombie hits you but does no damage.
You barely miss the hornet zombie. The hornet zombie hits you.
The hornet zombie hits you!
You closely miss the hornet zombie. The hornet zombie hits you.
The hornet zombie hits you!
You are too injured to fight recklessly!
You are too injured to fight recklessly!
You are too injured to fight recklessly!
You are too injured to fight recklessly!
You closely miss the hornet zombie.
The hornet zombie hits you but does no damage.
The hornet zombie hits you.
* * * LOW HITPOINT WARNING * * *
You barely miss the hornet zombie.
You bite the hornet zombie, but do no damage.
The hornet zombie hits you but does no damage.
You hit the hornet zombie.
The hornet zombie is lightly damaged.
The hornet zombie hits you.
* * * LOW HITPOINT WARNING * * *
The hornet zombie hits you but does no damage.
You feel very mighty all of a sudden. The hornet zombie closely misses you.
You block the hornet zombie's attack.
You closely miss the hornet zombie.
The hornet zombie is lightly damaged.
You block the hornet zombie's attack.
You slash the hornet zombie!
The hornet zombie is moderately damaged.
The hornet zombie hits you!
* * * LOW HITPOINT WARNING * * *
You block the hornet zombie's attack.
You slash the hornet zombie!
The hornet zombie is heavily damaged.
The hornet zombie hits you!
You die...

... ∆ ###..# .###+#.
#..... ......
#.....####.#.#
#............##
#.............#
#....#Z#......###
#[.....@........#######
#......................
#.......$..##.#.########
#..........#............
#......#.###..#.########
#......#......#.#
#..#.#.######'#.#
#..#.#..........# #
####......###


You could see a hornet zombie.

Vanquished Creatures
  3 adders
  A worm (D:2)
  2 dart slugs
  4 ball pythons
  3 endoplasms (D:1)
  3 giant cockroaches (D:2)
  5 goblins
  6 hobgoblins
  3 kobolds
  A quokka (D:1)
  5 bats
  A frilled lizard (D:1)
  A rat (D:1)
38 creatures vanquished.

Notes
Turn   | Place    | Note
-------+----------+-------------------------------------------
     0 | D:1      | shadowrider38 the Gnoll Fighter began the quest for the
                  | Orb.
     0 | D:1      | Reached XP level 1. HP: 23/23 MP: 1/1
   328 | D:1      | Reached XP level 2. HP: 27/29 MP: 2/2
  1201 | D:1      | Reached XP level 3. HP: 28/35 MP: 3/3
  1263 | D:2      | Found a faded altar of an unknown god.
  1331 | D:2      | Reached skill level 1 in Invocations
  1337 | D:2      | Reached skill level 1 in Short Blades
  1337 | D:2      | Reached skill level 1 in Long Blades
  1337 | D:2      | Reached skill level 1 in Maces & Flails
  1337 | D:2      | Reached skill level 1 in Polearms
  1337 | D:2      | Reached skill level 1 in Staves
  1337 | D:2      | Reached skill level 1 in Slings
  1337 | D:2      | Reached skill level 1 in Bows
  1337 | D:2      | Reached skill level 1 in Crossbows
  1337 | D:2      | Reached skill level 1 in Throwing
  1337 | D:2      | Reached skill level 1 in Dodging
  1337 | D:2      | Reached skill level 1 in Stealth
  1337 | D:2      | Reached skill level 1 in Unarmed Combat
  1337 | D:2      | Reached skill level 1 in Spellcasting
  1337 | D:2      | Reached skill level 1 in Evocations
  1656 | D:2      | Reached XP level 4. HP: 41/41 MP: 5/5
  1878 | D:3      | Found a stormy altar of Qazlal.
  2034 | D:3      | Slain by a hornet zombie

Illustrated notes

Levels and vault maps discovered:
D:1:      lightli_arrival_windingriver, layout_basic
D:2:      layout_loops_ring, shapermc_ecumenical_altar_venn
D:3:      layout_basic, grunt_qazlal_clouds, st_stairs_14, roderic_batcave

Skill      XL: |  1  2  3 |
---------------+----------+-----
Invocations    | 1 |  1.2
Short Blades   | 1 |  1.1
Long Blades    | 1 |  1.1
Maces & Flails | 1 |  1.1
Polearms       | 1 |  1.1
Staves         | 1 |  1.1
Slings         | 1 |  1.1
Bows           | 1 |  1.1
Crossbows      | 1 |  1.1
Throwing       | 1 |  1.1
Dodging        | 1 |  1.1
Stealth        | 1 |  1.1
Unarmed Combat | 1 |  1.1
Spellcasting   | 1 |  1.1
Evocations     | 1 |  1.1
Fighting       | |  6.6
Axes           | |  4.6
Armour         | |  6.6
Shields        | |  6.6
Conjurations   | |  0.8
Hexes          | |  0.8
Summonings     | |  0.8
Necromancy     | |  0.8
Translocations | |  0.8
Transmutations | |  0.8
Fire Magic     | |  0.8
Ice Magic      | |  0.8
Air Magic      | |  0.8
Earth Magic    | |  0.8
Poison Magic   | |  0.8

Action                   |  1- 3 |  4- 6 || total
-------------------------+-------+-------++-------
Melee: War axe           |    75 |    37 ||   112
       Bite              |     3 |     1 ||     4
  Use: Potion            |       |     1 ||     1
Armor: Scale mail        |    31 |    15 ||    46
Dodge: Dodged            |    24 |    12 ||    36
Block: Kite shield       |    46 |    26 ||    72
